 Dungeon Crawl Stone Soup version 0.23-a0-586-gacb4b3f (webtiles) character file.

52 theanonym the Cudgeler (level 3, -1/27 HPs)
             Began as a Mummy Warper on Dec 19, 2018.
             Slain by a hobgoblin
             ... wielding a +0 club
              (4 damage)
             ... on level 2 of the Dungeon.
             The game lasted 00:01:18 (1328 turns).

theanonym the Cudgeler (Mummy Warper)               Turns: 1328, Time: 00:01:19

Health: -1/27      AC:  6    Str: 15    XL:     3   Next: 60%
Magic:  7/7        EV: 11    Int: 12    God:
Gold:   21         SH:  0    Dex: 11    Spells: 7/7 levels left

rFire    x . .     SeeInvis .   j - -2 whip (curse)
rCold    + . .     Gourm    .   (no shield)
rNeg     + + +     Faith    .   b - +1 leather armour
rPois    ∞         Spirit   .   (no helmet)
rElec    .         Reflect  .   (no cloak)
rCorr    .         Harm     .   (no gloves)
MR       .....                  (no boots)
Stlth    +.........             (no amulet)
HPRegen  0.09/turn              h - +2 ring of protection
MPRegen  0.10/turn              (no ring)

@: no status effects
A: no food or potions, fire vulnerability, cold resistance 1, negative energy
resistance 3, torment resistance, unbreathing
a: no special abilities


Innate Abilities, Weirdness & Mutations

You do not eat or drink.
Your flesh is vulnerable to fire.
You are immune to poison.
Your flesh is cold resistant. (rC+)
You are immune to negative energy. (rN+++)
You are immune to unholy pain and torment.
You can survive without breathing.


   Skills:
 - Level 2.0 Fighting
 + Level 3.3 Maces & Flails
 - Level 0.7 Throwing
 - Level 0.7 Armour
 - Level 1.5 Dodging
 - Level 2.6 Spellcasting
   Level 2.4 Translocations


You had 7 spell levels left.
You didn't know any spells.
Your spell library contained the following spells:

 Spells                   Type           Power        Failure   Level  Hunger
 Blink                    Tloc           N/A          17%         2    N/A
 Shroud of Golubria       Chrm/Tloc      #.........   28%         2    N/A
 Gell's Gravitas          Tloc           #.........   34%         3    N/A
 Lesser Beckoning         Tloc           #.........   34%         3    N/A
 Teleport Other           Tloc           #.......     34%         3    N/A
 Passage of Golubria      Tloc           N/A          75%         4    N/A

Skill      XL: |  1  2  3 |
---------------+----------+-----
Maces & Flails | 2 3 |  3.3
Fighting       | |  2.0
Throwing       | |  0.7
Armour         | |  0.7
Dodging        | |  1.5
Spellcasting   | |  2.6
Translocations | |  2.4

Action                   || total
-------------------------++-------
Melee: Mace              ||    88
       Whip              ||    42
  Use: Scroll            ||     4
Armor: Leather armour    ||    46
Dodge: Dodged            ||    93

Inventory:

Hand Weapons
 a - a +1 mace
 j - a cursed -2 whip (weapon)
   (You found it on level 1 of the Dungeon)
Missiles
 c - a throwing net
 e - 5 tomahawks of dispersal (quivered)
Armour
 b - a +1 leather armour (worn)
Jewellery
 h - a +2 ring of protection (left hand)
   (You found it on level 1 of the Dungeon)
Scrolls
 f - a scroll of immolation
 B - a scroll of blinking


You were on level 2 of the Dungeon.
You were not hungry.

You visited 1 branch of the dungeon, and saw 2 of its levels.

You collected 21 gold pieces.

Dungeon Overview and Level Annotations

Branches:
Dungeon (2/15)

Altars:

############
#.........(# ######.
#.......<.(###.......
#...@K.....))..#
#....g.....#####
#.........%....
#...†.......###
..............#
................
....$...######.#.#
....###.. .#.# ..# #.
.


You could see a hobgoblin and a kobold.

Notes
Turn   | Place    | Note
-------+----------+-------------------------------------------
     0 | D:1      | theanonym the Mummy Warper began the quest for the Orb.
     0 | D:1      | Reached XP level 1. HP: 16/16 MP: 4/4
    17 | D:1      | Reached skill level 2 in Maces & Flails
    20 | D:1      | Reached XP level 2. HP: 12/22 MP: 5/5
   242 | D:1      | HP: 10/22 [dart slug/slug dart (5)]
   723 | D:1      | Reached XP level 3. HP: 21/27 MP: 7/7
   797 | D:1      | HP: 13/27 [hobgoblin/+0 club (1)]
   800 | D:1      | Reached skill level 3 in Maces & Flails
  1285 | D:2      | HP: 13/27 [kobold/+0 dagger (2)]
  1297 | D:2      | HP: 9/27 [kobold/+0 dagger (1)]
  1322 | D:2      | HP: 8/27 [hobgoblin/+0 club (2)]
  1326 | D:2      | HP: 3/27 [hobgoblin/+0 club (4)]
  1328 | D:2      | Slain by a hobgoblin

Vanquished Creatures
  An adder (D:2)
  An ooze (D:1)
  3 dart slugs (D:1)
  A leopard gecko (D:1)
  A bat (D:1)
  A giant cockroach (D:1)
  4 goblins (D:1)
  7 hobgoblins (D:1)
  3 frilled lizards (D:1)
  5 kobolds
  3 rats (D:1)
30 creatures vanquished.

Table legend:
 A = Turns spent in this place as a percentage of turns spent in the entire game.
 B = Non-inter-level travel turns spent in this place as a percentage of non-inter-level travel turns spent in the entire game.
 C = Inter-level travel turns spent in this place as a percentage of turns spent in this place.
 D = Turns resting spent in this place as a percentage of non-inter-level travel turns spent in this place.
 E = Turns spent auto-exploring this place as a percentage of non-inter-level travel turns spent in this place.
 F = Non-inter-level travel turns spent in this place divided by the number of levels of this place that you've seen.
                   A       B       C       D       E      F
               +-------+-------+-------+-------+-------+----------------------
         Total | 100.0 | 100.0 |   4.7 |  51.8 |  29.9 | 632.5
       Dungeon | 100.0 | 100.0 |   4.7 |  51.8 |  29.9 | 632.5
               +-------+-------+-------+-------+-------+----------------------
